 Dungeon Crawl Stone Soup version 0.26-a0-490-gf8362a0c98 (webtiles) character file.

Game seed: 15863678320273433799

571 Devinter the Sneak (level 7, 0/36 HPs)
             Began as a Kobold Enchanter on Aug 4, 2020.
             Slain by Menkaure (1 damage)
             ... on level 4 of the Dungeon.
             The game lasted 00:21:24 (4023 turns).

Devinter the Sneak (Kobold Enchanter)               Turns: 4023, Time: 00:21:25

Health: 0/36       AC:  4    Str: 12    XL:     7   Next: 60%
Magic:  14/14      EV: 17    Int: 18    God:
Gold:   248        SH:  0    Dex: 15    Spells: 11/16 levels left

rFire    . . .     SeeInvis .   i - +0 dagger (freeze)
rCold    . . .     Faith    .   (shield restricted)
rNeg     . . .     Spirit   .   b - +0 robe
rPois    .         Reflect  .   x - +1 helmet
rElec    .         Harm     .   (no cloak)
rCorr    .                      (no gloves)
MR       .....                  (no boots)
Stlth    +++.......             (no amulet)
HPRegen  0.12/turn              m - ring of attention (curse)
MPRegen  0.14/turn              k - +6 ring of strength

@: no status effects
A: small, nightstalker 3
a: no special abilities


You were on level 4 of the Dungeon.
You visited 1 branch of the dungeon, and saw 4 of its levels.

You collected 248 gold pieces.

Inventory:

Hand Weapons
 a - a +1 dagger
 i - a +0 dagger of freezing (weapon)
Missiles
 j - 53 bolts
 l - 20 poisoned darts (quivered)
 n - 65 arrows
Armour
 b - a +0 robe (worn)
 g - a +0 kite shield
 t - a +1 helmet
 u - a +0 kite shield
 w - a +0 pair of boots
 x - a +1 helmet (worn)
Jewellery
 h - an uncursed ring of protection from cold
 k - a +6 ring of strength (right hand)
 m - a cursed ring of attention (left hand)
Scrolls
 c - 5 scrolls of teleportation
 o - 3 scrolls of identify
 y - a scroll of enchant weapon {unknown}
Potions
 d - a potion of degeneration {unknown}
 e - a potion of cancellation
 f - a potion of resistance {unknown}
 p - a potion of berserk rage {unknown}
 q - a potion of stabbing {unknown}
 r - 2 potions of haste {unknown}
 s - a potion of flight {unknown}
 v - a potion of lignification {unknown}


   Skills:
 - Level 1.3 Short Blades
 - Level 5.0 Dodging
 - Level 5.0 Stealth
 - Level 5.0 Spellcasting
 - Level 5.0 Hexes
 + Level 1.5 Ice Magic


You had 11 spell levels left.
You knew the following spells:

 Your Spells              Type           Power        Failure   Level
b - Ensorcelled Hibernat  Hex/Ice        ###...       5%          2
c - Dazzling Flash        Conj/Hex       ##....       14%         3

Your spell library contained the following spells:

 Spells                   Type           Power        Failure   Level
 Corona                   Hex            ###....      1%          1
 Confusing Touch          Hex            ###.....     4%          3
 Tukima's Dance           Hex            ###.....     4%          3


Dungeon Overview and Level Annotations

Branches:
Dungeon (4/15)
 Temple: D:4-7

Altars:
Hepliaklqana

Annotations:
D:3 Grinder
D:4 Menkaure


Innate Abilities, Weirdness & Mutations

You are small and have problems with some larger weapons.
You are completely attuned to the shadows.


Message History

Menkaure is moderately damaged.
Menkaure gestures wildly while chanting.
Menkaure seems to speed up.
You barely miss Menkaure.
Menkaure is moderately damaged.
Menkaure points at you and mumbles some strange words.
Pain shoots through your body!
* * * LOW HITPOINT WARNING * * *
You hit Menkaure but do no damage.
Menkaure is moderately damaged.
Menkaure points at you and mumbles some strange words.
Pain shoots through your body!
* * * LOW HITPOINT WARNING * * *
You hit Menkaure but do no damage.
Menkaure is moderately damaged.
Menkaure closely misses you.
You hit Menkaure.
Menkaure is heavily damaged.
Menkaure hits you.
You die...

.......####.#
.....#..###†#
........##..#
......#.#..##
..........##
..§......############
W....................
.....###.##.....(....
.W..####..#.....@M...
.#.##.....#..........
.#.##.###.###########
.#.#..# #.# ..<...#
#.#######
......###.......#
............#..##
......#####...##
.............####


You could see Menkaure (fast).

Vanquished Creatures
  2 ogres (D:3)
  2 hounds (D:4)
  A centaur skeleton (D:4)
  Natasha (thrice) (D:3)
  Terence (D:2)
  2 worker ants (D:4)
  2 adders
  4 gnolls (D:4)
  An ooze (D:3)
  4 worms
  2 dart slugs (D:1)
  3 leopard geckos (D:3)
  13 bats
  7 giant cockroaches
  9 goblins
  6 hobgoblins
  10 jackals
  A quokka (D:2)
  A ball python (D:1)
  8 frilled lizards
  8 kobolds
  4 rats
94 creatures vanquished.

Notes
Turn   | Place    | Note
-------+----------+-------------------------------------------
     0 | D:1      | Devinter the Kobold Enchanter began the quest for the Orb.
     0 | D:1      | Reached XP level 1. HP: 10/10 MP: 3/3
   498 | D:1      | Reached XP level 2. HP: 15/15 MP: 5/5
   569 | D:1      | Learned a level 2 spell: Ensorcelled Hibernation
   638 | D:1      | Reached XP level 3. HP: 16/19 MP: 1/6
   733 | D:1      | Reached skill level 5 in Stealth
   993 | D:2      | Reached skill level 4 in Hexes
  1135 | D:2      | Reached XP level 4. HP: 24/24 MP: 4/7
  1539 | D:2      | Noticed Terence
  1542 | D:2      | Killed Terence
  1939 | D:3      | Noticed an ogre
  1941 | D:3      | Killed an ogre
  1941 | D:3      | Reached skill level 5 in Hexes
  1941 | D:3      | Reached skill level 3 in Spellcasting
  1941 | D:3      | Reached XP level 5. HP: 28/28 MP: 7/10
  1949 | D:3      | Learned a level 3 spell: Dazzling Flash
  2069 | D:3      | Found a hazy altar of Hepliaklqana.
  2133 | D:3      | Noticed an ogre
  2138 | D:3      | Reached XP level 6. HP: 32/32 MP: 8/11
  2146 | D:3      | Killed an ogre
  2146 | D:3      | Reached skill level 4 in Spellcasting
  2329 | D:3      | Noticed Grinder
  2360 | D:3      | Noticed Natasha
  2369 | D:3      | Killed Natasha
  2438 | D:3      | Reached skill level 5 in Spellcasting
  2851 | D:4      | Reached skill level 3 in Dodging
  2851 | D:4      | Reached XP level 7. HP: 36/36 MP: 9/14
  2982 | D:4      | Reached skill level 4 in Dodging
  3084 | D:3      | Noticed Natasha
  3088 | D:3      | Killed Natasha
  3262 | D:3      | Noticed Natasha
  3268 | D:3      | Killed Natasha
  3268 | D:3      | Reached skill level 5 in Dodging
  3386 | D:4      | Reached skill level 1 in Ice Magic
  4010 | D:4      | Noticed Menkaure
  4021 | D:4      | HP: 1/36 [Menkaure/nerve-wracking pain (7)]
  4023 | D:4      | Slain by Menkaure

Illustrated notes

Levels and vault maps discovered:
D:1:      minmay_arrival_cross, layout_basic
D:2:      layout_basic, minmay_misc_feat_more_columns, uniq_terence
D:3:      minmay_recursive_quarters, layout_basic,
          nicolae_overflow_crystal_walls, chequers_ecumenical_altar_island,
          minivault_23, uniq_grinder, uniq_natasha
D:4:      layout_rooms, uniq_menkaure, uniq_sigmund

Skill      XL: |  1  2  3  4  5  6  7 |
---------------+----------------------+-----
Stealth        | 5 |  5.0
Hexes          | 4 5 |  5.0
Spellcasting   | 3 5 |  5.0
Dodging        | 3 5 |  5.0
Ice Magic      | 1 |  1.5
Short Blades   | |  1.3

Action                   |  1- 3 |  4- 6 |  7- 9 || total
-------------------------+-------+-------+-------++-------
Melee: Dagger            |    60 |   139 |    83 ||   282
 Cast: Corona            |     4 |       |       ||     4
       Ensorcelled Hiber |     3 |    19 |    15 ||    37
  Use: Scroll            |     2 |     2 |       ||     4
 Stab: Sleeping          |    23 |    23 |    11 ||    57
       Distracted        |       |     2 |       ||     2
Armor: Robe              |    10 |    19 |     7 ||    36
Dodge: Dodged            |    34 |   111 |    62 ||   207

Table legend: (Time is in decaauts)
 A = Elapsed time spent in this place.
 B = Non-inter-level travel time spent in this place.
 C = Inter-level travel time spent in this place.
 D = Time resting spent in this place.
 E = Time spent auto-exploring this place.
 F = Levels seen in this place.
 G = Mean time per level.
                   A        B        C        D        E       F      G
               +--------+--------+--------+--------+--------+-----+--------+
         Total |   4004 |   3845 |    159 |   1067 |    835 |   4 | 1001.0 |
       Dungeon |   4004 |   3845 |    159 |   1067 |    835 |   4 | 1001.0 |
               +--------+--------+--------+--------+--------+-----+--------+

Top non-repeatable levels by time:
     D:3: 1426 daAuts
     D:2: 1081 daAuts
     D:1: 850 daAuts
     D:4: 646 daAuts
